 Dungeon Crawl Stone Soup version 0.19.0 (webtiles) character file.

81 unum the Slasher (level 4, 0/29 HPs)
             Began as a High Elf Gladiator on Nov 2, 2016.
             Slain by a gnoll
             ... wielding a +0 spear
              (6 damage)
             ... on level 2 of the Dungeon.
             The game lasted 00:06:38 (1413 turns).

unum the Slasher (High Elf Gladiator)               Turns: 1413, Time: 00:06:39

Health: 0/29       AC:  6    Str: 14    XL:     4   Next: 19%
Magic:  5/5        EV: 14    Int: 15    God:
Gold:   101        SH:  0    Dex: 16    Spells: 0 memorised, 3 levels left

rFire  . . .     SeeInvis .     a - +0 long sword
rCold  . . .     Gourm    .     b - +0 leather armour
rNeg   . . .     Faith    .     (no shield)
rPois  .         Spirit   .     c - +0 helmet
rElec  .         Reflect  .     (no cloak)
rCorr  .         Harm     .     n - +1 pair of gloves
MR     .....                    (no boots)
Stlth  ++........               (no amulet)
                                o - +3 ring of intelligence
                                m - ring of stealth

@: no status effects
A: no striking features
a: no special abilities


You were on level 2 of the Dungeon.
You were hungry.

You visited 1 branch of the dungeon, and saw 2 of its levels.

You collected 101 gold pieces.

Inventory:

Hand Weapons
 a - a +0 long sword (weapon)
Armour
 b - a +0 leather armour (worn)
 c - a +0 helmet (worn)
 n - a +1 pair of gloves (worn)
Jewellery
 i - a cursed ring of teleportation {unknown}
 m - a ring of stealth (left hand)
 o - a +3 ring of intelligence (right hand)
 q - an uncursed amulet of inaccuracy
Scrolls
 j - a scroll of amnesia {unknown}
 k - a scroll of enchant weapon {unknown}
 l - a scroll of fog {unknown}
 p - a scroll of fear {unknown}
Potions
 e - a potion of heal wounds {unknown}
 g - a potion of magic {unknown}
 h - a potion of haste {unknown}
 r - a potion of resistance {unknown}
Comestibles
 f - 2 bread rations


   Skills:
 - Level 2.0 Fighting
 + Level 5.0 Long Blades
 - Level 2.0 Throwing
 + Level 4.5 Dodging


You had 3 spell levels left.
You didn't know any spells.

Dungeon Overview and Level Annotations

Branches:
Dungeon (2/15)

Altars:
Uskayaw


Message History

Press: ? - help, Shift-Dir - straight line, f/p - gnoll
Aim: a gnoll, wielding a spear You throw a throwing net.
The throwing net hits the gnoll.
The gnoll is caught in the net!
The gnoll struggles against the net.
The gnoll struggles against the net.
The gnoll struggles against the net.
You open the door. 2 gnolls come into view.
The gnoll struggles against the net.
Found a glowing flail.
A gnoll comes into view. It is wielding a spear.
The gnoll struggles against the net.
The gnoll hits you from afar with a spear.
* * * LOW HITPOINT WARNING * * *
The gnoll barely misses you.
The gnoll shouts!
Found a scroll of enchant armour and 5 gold pieces.
There is an open door, spattered with blood here.
The gnoll hits you with a spear.
You die...

#......# #......#
#......# #########
#......#### ........#
#......'... ......?.#
#......####
........######..........
...)....+....'..........
.......@######..........
.......gg.#....g........
###
.......g#.#.#####.......
#.+
........#.#.#...........
#.#
........#.#.#.###.#..##.
#.# ........#g#g#
#.#..... #.#
....$...#g#.# #.##.##.
#.# [.......#†#g#
#.......
#.####+###+##.#.#
#####.##g


You could see 3 gnolls.

Vanquished Creatures
  2 gnolls (D:2)
  2 adders
  An ooze (D:1)
  A worm (D:2)
  A dart slug (D:1)
  A ball python (D:1)
  5 bats
  3 giant cockroaches
  A hobgoblin (D:1)
  A jackal (D:2)
  4 kobolds (D:1)
  A frilled lizard (D:2)
  5 goblins
  8 rats
36 creatures vanquished.

Notes
Turn   | Place    | Note
-------+----------+-------------------------------------------
     0 | D:1      | unum the High Elf Gladiator began the quest for the Orb.
     0 | D:1      | Reached XP level 1. HP: 14/14 MP: 2/2
   190 | D:1      | Reached skill level 4 in Long Blades
   192 | D:1      | Reached XP level 2. HP: 18/19 MP: 3/3
   733 | D:1      | Reached XP level 3. HP: 23/24 MP: 4/4
  1303 | D:2      | Noticed a dagger
  1304 | D:2      | Found a hide-covered altar of Uskayaw.
  1325 | D:2      | Noticed a dagger
  1358 | D:2      | Reached XP level 4. HP: 19/29 MP: 5/5
  1403 | D:2      | Reached skill level 5 in Long Blades
  1413 | D:2      | Slain by a gnoll

Skill      XL: |  1  2  3  4 |
---------------+-------------+-----
Long Blades    | 4 5 |  5.0
Dodging        | 4 |  4.5
Fighting       | |  2.0
Throwing       | |  2.0

Action                   |  1- 3 |  4- 6 || total
-------------------------+-------+-------++-------
Melee: Long sword        |   108 |     5 ||   113
Throw: Throwing net      |       |     3 ||     3
  Use: Scroll            |     3 |       ||     3
 Stab: Sleeping          |     3 |       ||     3
  Eat: Chunk             |     1 |       ||     1
Armor: Leather armour    |    30 |     4 ||    34
Dodge: Dodged            |    79 |     5 ||    84
       Rpst.: Long sword |    25 |       ||    25
